 Dungeon Crawl Stone Soup version 0.31.0-11-ge490571c62 (webtiles) character file.

Game seed: 5171732680047745131

11093628 persistantfolly the Bringer of Law (level 27, 273/273 HPs)
             Began as a Pale Draconian Hexslinger on Jan 22, 2024.
             Was the Champion of Zin.
             Escaped with the Orb
             ... and 15 runes on Jan 30, 2024!
             The game lasted 16:40:40 (149127 turns).

persistantfolly the Bringer of Law (DrHs)         Turns: 149127, Time: 16:40:40

Health: 273/273    AC: 26    Str:  9    XL:     27
Magic:  37/37      EV: 44    Int: 16    God:    Zin [******]
Gold:   6513       SH:  0    Dex: 34    Spells: 0/64 levels left

rFire   + + .        F - +27 heavy crossbow "Sniper" {heavy, Acc+∞ SInv}
rCold   + + .        (shield currently unavailable)
rNeg    + . .        (body armour unavailable)
rPois   +            Q - +2 hat {Will+}
rElec   +            n - +4 dragonskin cloak
rCorr   +            O - +2 pair of gloves of Vehumet's Whim {rF+ Str+3 Stlth+}
SInv    +            e - +2 pair of boots {Fly}
Will    +++++        q - amulet of Gysim {Faith rPois Will+ MP-9 Stlth+}
Stlth   +++          V - +6 ring of dexterity
HPRegen 0.65/turn    u - ring "Poicsat" {rC+ rN+ Str-4 Dex+2 SInv}
MPRegen 0.25/turn

%: faith
@: mighty, brilliant, resistant, attractive, enlightened, flying, studying 3
skills, invisible
A: breathe steam, AC +13, unfitting armour, cold-blooded, steam resistance,
stinger 1
0: Orb of Zot
}: 15/15 runes: serpentine, barnacled, slimy, silver, golden, iron, obsidian,
icy, bone, abyssal, demonic, glowing, magical, fiery, dark
a: Breathe Steam, Renounce Religion, Recite, Vitalisation, Imprison, Sanctuary,
Donate Gold


You escaped.
You worshipped Zin.
Zin was exalted by your worship.
You visited 17 branches of the dungeon, and saw 87 of its levels.
You visited Pandemonium 2 times, and saw 19 of its levels.
You visited the Abyss 2 times.
You also visited: Trove, Ossuary, Bailey, Ice Cave and Volcano.

You collected 19854 gold pieces.
You spent 3259 gold pieces at shops.
You donated 10082 gold pieces to Zin.

Inventory:

Hand Weapons
 a - a +9 eudemon blade of holy wrath
 f - a +9 heavy longbow
 A - a +9 hand cannon of flaming
 F - the +27 heavy crossbow "Sniper" (weapon) {heavy, Acc+∞ SInv}
   (You found it on level 3 of the Elven Halls)

   Acc+∞: It never misses its target.
   SInv:      It lets you see invisible.
Armour
 e - a +2 pair of boots of flying (worn)
 n - the +4 dragonskin cloak (worn)
   (You took it off Tiamat on level 1 of the Realm of Zot)

   Avatar's Aegis: It grants the wearer a chance to resist fire, cold, poison,
   electricity, acid, and negative energy.
 t - an orb of guile
 O - the +2 pair of gloves of Vehumet's Whim (worn) {rF+ Str+3 Stlth+}
   (You found it on level 11 of the Dungeon)

   Str+3:     It affects your strength (+3).
   rF+:       It protects you from fire.
   Stlth+:    It makes you more stealthy.
 P - the +5 Storm Queen's Shield {shock, Fly rElec}
   (You found it on level 3 of the Tomb of the Ancients)

   Shock:     When it blocks an attack, it may electrocute the attacker.
   This works even against foes who are a short distance away.
   rElec:     It insulates you from electricity.
   Fly:       It grants you flight.
 Q - a +2 hat of willpower (worn)
Jewellery
 j - the ring "Bicraimm" {rElec rC+ Int+3}
   (You found it on level 7 of the Iron City of Dis)

   [ring of protection from cold]

   Int+3:     It affects your intelligence (+3).
   rC+:       It protects you from cold.
   rElec:     It insulates you from electricity.
 q - the amulet of Gysim (around neck) {Faith rPois Will+ MP-9 Stlth+}
   (You acquired it on level 10 of the Dungeon)

   [amulet of faith]

   Faith:     It allows you to gain divine favour quickly.
   rPois:     It protects you from poison Will+: It increases your willpower.
   MP-9:      It affects your magic capacity (-9).
   Stlth+:    It makes you more stealthy.
 u - the ring "Poicsat" (right hand) {rC+ rN+ Str-4 Dex+2 SInv}
   (You bought it in a shop on level 2 of the Orcish Mines)

   [ring of protection from cold]

   Str-4:     It affects your strength (-4).
   Dex+2:     It affects your dexterity (+2).
   rC+:       It protects you from cold.
   rN+:       It protects you from negative energy.
   SInv:      It lets you see invisible.
 v - the amulet "Wehiun" {Reflect rCorr Str+2 SH+5}
   (You found it on level 3 of the Tomb of the Ancients)

   [amulet of reflection]

   Reflect:   It reflects blocked missile attacks.
   Str+2:     It affects your strength (+2).
   rCorr:     It protects you from acid and corrosion.
   SH+5:      It affects your SH (+5).
 D - the ring "Heykor" {Wiz rN+ Will+}
   (You took it off a deep elf zephyrmancer on level 3 of the Elven Halls)

   [ring of wizardry]

   Wiz:       It improves your spell success rate.
   rN+:       It protects you from negative energy.
   Will+:     It increases your willpower.
 H - the ring of Disaster {rPois rCorr}
   (You took it off a purple draconian on level 3 of the Realm of Zot)

   [ring of resist corrosion]

   rPois:     It protects you from poison rCorr: It protects you from acid and
   corrosion.
 U - the ring "Vitaraje" {rC+ rN+ Slay+2}
   (You found it on level 3 of the Crypt)

   [ring of positive energy]

   Slay+2:    It affects your accuracy & damage with ranged weapons and melee
   (+2).
   rC+:       It protects you from cold.
   rN+:       It protects you from negative energy.
 V - a +6 ring of dexterity (left hand)
 X - the ring of Contentment {rElec rF+ rN++ AC+4 Dex-4}
   (You found it in Pandemonium)

   [ring of protection]

   AC+4:      It affects your AC (+4).
   Dex-4:     It affects your dexterity (-4).
   rF+:       It protects you from fire.
   rElec:     It insulates you from electricity.
   rN++:      It greatly protects you from negative energy.
Wands
 i - a wand of charming (82)
 l - a wand of quicksilver (31)
 s - a wand of mindburst (84)
 G - a wand of digging (45)
 S - a wand of flame (114)
 T - a wand of iceblast (108)
Scrolls
 b - 20 scrolls of poison
 c - 6 scrolls of teleportation
 h - 7 scrolls of summoning
 k - 4 scrolls of fog
 r - 7 scrolls of blinking
 w - 19 scrolls of immolation
 C - 15 scrolls of vulnerability
 R - 5 scrolls of fear
Potions
 d - 4 potions of magic
 g - 3 potions of cancellation
 m - 42 potions of curing
 o - 12 potions of enlightenment
 p - 8 potions of resistance
 x - 9 potions of attraction
 z - 16 potions of might
 B - 10 potions of brilliance
 E - 6 potions of mutation
 K - 15 potions of haste
 L - 2 potions of ambrosia
 N - 11 potions of heal wounds
Miscellaneous
 y - a figurine of a ziggurat
 I - a phantom mirror
 M - a lightning rod (4/4)
 W - a phial of floods
 Y - a sack of spiders
 Z - a condenser vane


   Skills:
 O Level 27 Fighting
 - Level 12.0 Long Blades
 O Level 27 Ranged Weapons
 - Level 1.0 Throwing
 * Level 24.6 Dodging
 * Level 12.6 Stealth
 - Level 8.0 Shields
 - Level 19.0 Spellcasting
 - Level 8.0 Conjurations
 O Level 27 Hexes
 * Level 11.3 Translocations
 - Level 8.0 Fire Magic
 * Level 8.5 Ice Magic
 - Level 23.0 Air Magic
 - Level 4.0 Alchemy
 O Level 27 Invocations
 - Level 18.0 Evocations


You couldn't memorise any spells.
You knew the following spells:

 Your Spells              Type           Power      Damage    Failure   Level
a - Apportation           Tloc           100%       N/A       1%          1
d - Mephitic Cloud        Conj/Alch/Air  68%        N/A       1%          3
e - Dimensional Bullseye  Hex/Tloc       43%        N/A       0%          4
f - Freezing Cloud        Conj/Ice/Air   36%        6-21      1%          5
n - Enfeeble              Hex            50%        N/A       1%          7
p - Passage of Golubria   Tloc           67%        N/A       1%          4
B - Blink                 Tloc           100%       N/A       1%          2
C - Maxwell's Capacitive  Air            46%        ∞         1%          8
D - Discord               Hex            50%        N/A       1%          8
F - Cause Fear            Hex            50%        N/A       0%          4
G - Sigil of Binding      Hex            100%       N/A       0%          3
H - Scorch                Fire           100%       2d9       1%          2
J - Jinxbite              Hex            100%       N/A       0%          2
L - Silence               Hex/Air        48%        N/A       0%          5
O - Ozocubu's Armour      Ice            59%        N/A       1%          3
S - Swiftness             Air            93%        N/A       0%          3

Your spell library contained the following spells:

 Spells                   Type           Power      Damage    Failure   Level
 Shock                    Conj/Air       100%       1d9       0%          1
 Slow                     Hex            100%       N/A       0%          1
 Ensorcelled Hibernation  Hex/Ice        100%       N/A       0%          2
 Static Discharge         Conj/Air       100%       3-8/arc   0%          2
 Confusing Touch          Hex            100%       N/A       0%          3
 Dazzling Flash           Conj/Hex       100%       N/A       0%          3
 Inner Flame              Hex/Fire       82%        N/A       0%          3
 Tukima's Dance           Hex            100%       N/A       0%          3
 Airstrike                Air            46%        2d(7-23)  0%          4
 Foxfire                  Conj/Fire      100%       2x1d9     1%          1
 Freeze                   Ice            100%       1d10      1%          1
 Magic Dart               Conj           100%       1d8       1%          1
 Sting                    Conj/Alch      100%       1d9       1%          1
 Cigotuvi's Dreadful Rot  Necr/Alch/Air  100%       N/A       1%          2
 Lesser Beckoning         Tloc           100%       N/A       1%          2
 Mercury Vapours          Alch/Air       100%       N/A       1%          2
 Momentum Strike          Conj/Tloc      100%       3d10      1%          2
 Searing Ray              Conj           100%       2d8       1%          2
 Frozen Ramparts          Ice            100%       1d16      1%          3
 Gell's Gravitas          Tloc           67%        N/A       1%          3
 Hailstorm                Conj/Ice       58%        3d11      1%          3
 Stone Arrow              Conj/Erth      84%        3d12      1%          3
 Summon Ice Beast         Ice/Summ       43%        N/A       1%          3
 Teleport Other           Tloc           67%        N/A       1%          3
 Volatile Blastmotes      Fire/Tloc      100%       2d18      1%          3
 Anguish                  Hex/Necr       36%        N/A       1%          4
 Flame Wave               Conj/Fire      57%        2d14      1%          4
 Iskenderun's Mystic Bla  Conj/Tloc      62%        2d13      1%          4
 Manifold Assault         Tloc           67%        N/A       1%          4
 Summon Lightning Spire   Summ/Air       67%        N/A       1%          4
 Vhi's Electric Charge    Tloc/Air       100%       N/A       1%          4
 Arcjolt                  Conj/Air       38%        1d48      1%          5
 Metabolic Englaciation   Hex/Ice        41%        N/A       1%          5
 Summon Mana Viper        Hex/Summ       73%        N/A       1%          5
 Yara's Violent Unravell  Hex/Alch       38%        3d15      1%          5
 Conjure Ball Lightning   Conj/Air       38%        3x3d12    1%          6
 Plasma Beam              Fire/Air       38%        2x1d52    1%          6
 Necrotise                Necr           88%        1d8       3%          1
 Sandblast                Erth           44%        2d11      3%          1
 Summon Small Mammal      Summ           88%        N/A       3%          1
 Fulminant Prism          Conj/Alch      25%        3d14      3%          4
 Ignite Poison            Fire/Alch      51%        N/A       3%          4
 Sticky Flame             Fire/Alch      51%        2d9       3%          4
 Fireball                 Conj/Fire      28%        3d12      3%          5
 Iskenderun's Battlesphe  Conj           57%        2d11      3%          5
 Call Imp                 Summ           44%        N/A       5%          2
 Sublimation of Blood     Necr           22%        N/A       5%          2
 Dispersal                Tloc           33%        N/A       5%          6
 Brom's Barrelling Bould  Conj/Erth      42%        2d6       7%          4
 Olgreb's Toxic Radiance  Alch           42%        N/A       7%          4
 Summon Blazeheart Golem  Fire/Summ      42%        N/A       7%          4
 Irradiate                Conj/Alch      25%        3d20      9%          5
 Summon Forest            Summ/Tloc      25%        N/A       10%         5
 Call Canine Familiar     Summ           22%        N/A       11%         3
 Fugue of the Fallen      Necr           22%        N/A       11%         3
 Passwall                 Erth           22%        N/A       11%         3
 Vampiric Draining        Necr           22%        2d7       11%         3
 Leda's Liquefaction      Alch/Erth      16%        N/A       16%         4
 Petrify                  Alch/Erth      32%        N/A       16%         4
 Alistair's Intoxication  Alch           28%        N/A       19%         5
 Starburst                Conj/Fire      28%        6d9       21%         6
 Animate Dead             Necr           22%        N/A       34%         4
 Sculpt Simulacrum        Ice/Alch       26%        N/A       38%         6
 Ozocubu's Refrigeration  Ice            29%        4d14      67%         7
 Lee's Rapid Deconstruct  Erth           11%        3d8*      69%         5
 Bombard                  Conj/Erth      21%        9d4       71%         6
 Eringya's Noxious Bog    Alch           21%        4d6       71%         6
 Orb of Destruction       Conj           28%        9d9       75%         7
 Disjunction              Tloc           33%        N/A       92%         8
 Malign Gateway           Summ/Tloc      25%        N/A       96%         7
 Death Channel            Necr           11%        N/A       99%         6
 Summon Cactus Giant      Summ           11%        N/A       99%         6
 Spellforged Servitor     Conj/Summ      21%        N/A       99%         7
 Chain Lightning          Conj/Air       38%        3d51      99%         9
 Haunt                    Necr/Summ      11%        N/A       100%        7
 Monstrous Menagerie      Summ           11%        N/A       100%        7
 Summon Hydra             Summ           11%        N/A       100%        7
 Borgnjor's Revivificati  Necr           11%        N/A       100%        8
 Lehudib's Crystal Spear  Conj/Erth      21%        10d6      100%        8
 Death's Door             Necr           11%        N/A       100%        9
 Dragon's Call            Summ           11%        N/A       100%        9
 Fire Storm               Conj/Fire      28%        8d7       100%        9
 Polar Vortex             Ice            29%        12d3*     100%        9
 Shatter                  Erth           11%        3d12*     100%        9
 Animate Armour           Summ/Erth      Unusable   N/A       N/A         4

Dungeon Overview and Level Annotations

Branches:
Dungeon (15/15)            Temple (0/1) D:7            Lair (5/5) D:9
 Shoals (4/4) Lair:3        Snake (4/4) Lair:2        Slime (5/5) Lair:5
    Orc (2/2) D:9             Elf (3/3) Orc:2        Vaults (5/5) D:13
  Crypt (3/3) Vaults:3       Tomb (3/3) Crypt:3      Depths (4/4) D:15
   Hell (visited)             Dis (7/7) Hell            Geh (7/7) Hell
    Coc (7/7) Hell            Tar (7/7) Hell            Zot (5/5) Depths:4
Ossuary (visited)          Bailey (visited)           IceCv (visited)
Volcano (visited)

Altars:
Ashenzari
Cheibriados
Dithmenos
Gozag
Kikubaaqudgha
Makhleb
Nemelex Xobeh
Okawaru
Sif Muna
Uskayaw
Wu Jian
Xom
Zin
Jiyva

Shops:
D:4 *[   D:6 *   D:10 :!(*(   D:13 *   Orc:2 =[[(*   Elf:2 :   Shoals:2 =
Shoals:3 =   Snake:2 :   Vaults:4 :

Portals:
Hell: Depths:1 Depths:2 Depths:3 Depths:4
Abyss: Vaults:1 Depths:3 Depths:4
Pandemonium: Depths:2
Ziggurat: Depths:2

Annotations:
Tomb:3 exclusion: 2 doors


Innate Abilities, Weirdness & Mutations

You can breathe blasts of scalding, opaque steam.
Your pale cyan-grey scales are hard. (AC +13)
You cannot fit into any form of body armour.
You are cold-blooded and may be slowed by cold attacks.
You are immune to the effects of steam.
Your tail ends in a venomous barb.


Message History

Press: ? - help, Shift-Dir - straight line, f - angel
Aim: an angel, wielding a +2 whip of holy wrath and wearing a +0 robe (haloed, will inflict weakness and antimagic, chance to daze and blind: 48%)
The angel partially resists.
The angel is enfeebled!
Unknown command.
Unknown command.
You shoot an arrow. The arrow hits the angel!!!!
You kill the angel!
No target in view!
What level of the Dungeon? (default 1, ? - help)
There is a stone staircase leading up here.
You fly upwards.
There is a stone staircase leading down here.
There is a stone staircase leading up here.
You fly upwards.
There is a stone staircase leading down here.
A green death comes into view.
There is a stone staircase leading up here.
You shoot an arrow. The arrow hits the green death!!!
The green death is severely wounded.
You shoot an arrow. The arrow hits the green death!!
You kill the green death!
What level of the Dungeon? (default 1, ? - help)
You fly upwards.
There is a stone staircase leading down here.
Magic restored.
There is a stone staircase leading up here.
You fly upwards.
There is a stone staircase leading down here.
There is an open door here.
There is a staircase leading out of the dungeon here.
Okay, then.
You feel more buoyant.
You feel protected.
You feel attractive to monsters.
Okay, then.
You feel very mighty all of a sudden.
You feel clever all of a sudden.
You fade into invisibility!
F - the +27 heavy crossbow "Sniper" (weapon)
{heavy, Acc+∞ SInv} You have escaped!

#.#...#.#########.#
#.#...#.###....##..
#.#................
#.#####.###....#...
#.........####....#
########.#.# ##.##.#
#.....##.#.# #...... ###
#####.....##.#.###......
..###
#...+..@..'......#......
#...##
#.###.....####.#.#......
###..## #.#
#.....#............. ##..#
#.# #######.##+#+#...... ##.#
#.# #...............#
#.####.# #.##.......######
#......## #.##.......#
######..#####.##.......######
##.##....##.............


There were no monsters in sight!

Vanquished Creatures
  Cerebov (Pan)
  Asmodeus (Geh:7)
  Antaeus (Coc:7)
  Gloorx Vloq (Pan)
  Ereshkigal (Tar:7)
  the Royal Jelly (Slime:5)
  Mnoleg (Pan)
  Lom Lobon (Pan)
  the Serpent of Hell (Dis:7)
  Frederick (Vaults:5)
  Tiamat (Zot:1)
  Dispater (Dis:7)
  2 dread liches
  7 orbs of fire
  4 ancient liches
  Mennas (Vaults:5)
  17 royal mummies
  14 pandemonium lords
  3 Killer Klowns (Zot:5)
  The ghost of Roocroe the Impregnable, a veteran MiGl of Hepliaklqana (Crypt:1)
  Bai Suzhen (Crypt:1)
  Parghit (Zot:2)
  Saint Roka (Orc:2)
  9 shard shrikes
  Vashnia (Snake:2)
  The ghost of Hali the Executioner, a veteran FoFi of Dithmenos (Crypt:3)
  Geryon (Hell)
  4 curse toes (Zot:1)
  13 golden dragons
  19 caustic shrikes
  Nikola (Snake:1)
  Jory (Crypt:1)
  The ghost of Droegar the Slayer, an adept MiBe of Trog (Vaults:1)
  Norris (Depths:1)
  11 profane servitors
  24 bone dragons
  36 Brimstone Fiends
  31 Tzitzimimeh
  14 doom hounds
  15 iron giants
  22 hellephants
  21 Hell Sentinels
  36 Ice Fiends
  2 electric golems (Zot:5)
  23 tentacled monstrosities
  Grunn (Depths:4)
  A spectral shard shrike (Tar:4)
  17 tainted leviathans
  4 liches
  13 titans
  27 Orb Guardians
  2 deep elf master archers
  Polyphemus (Shoals:1)
  19 searing wretches
  6 deep elf blademasters
  18 sphinxes
  8 quicksilver dragons
  24 acid blobs
  10 death cobs
  Gastronok (D:8)
  11 tentacled starspawn
  36 Executioners
  39 ancient champions
  The ghost of Barug the Brawler, an adept TrMo of Nemelex Xobeh (Depths:4)
  17 storm dragons
  12 shadow dragons
  Roxanne (Shoals:3)
  Donald (Shoals:3)
  4 tengu reavers
  Ilsuiw (Shoals:2)
  The ghost of Krumphau the Fencer, an adept DsMo of Qazlal (Snake:2)
  5 revenants
  28 fire giants
  14 protean progenitors
  A fenstrider witch (Pan)
  8 draconian monks
  8 nagarajas
  6 rockslimes
  15 frost giants
  Aizul (Snake:1)
  8 azure jellies
  4 draconian knights
  24 vault wardens
  8 quicksilver elementals
  Louise (Shoals:2)
  26 demonspawn warmongers
  13 deep elf sorcerers
  6 draconian shifters
  10 draconian scorchers
  5 deep elf elementalists (Elf:3)
  18 iron dragons
  10 shard shrike simulacra
  4 ghost moths
  2 spectral juggernauts
  15 narguns
  An angel (D:5)
  11 ghouls
  A spectral caustic shrike (Tar:7)
  2 orc warlords
  3 curse skulls
  59 balrugs
  18 ironbound preservers
  47 reapers
  14 draconian annihilators
  15 formless jellyfish
  2 broodmothers (Pan)
  24 cacodemons
  2 draconian stormcallers
  22 demonspawn corrupters
  2 juggernaut skeletons (Pan)
  14 quicksilver oozes
  2 spriggan defenders (Depths:2)
  19 demonspawn blood saints (Pan)
  3 caustic shrike skeletons
  18 very ugly things
  9 ironbound thunderhulks
  16 vampire knights
  14 stone giants
  16 putrid mouths
  13 red draconians
  30 elemental wellsprings
  5 deep elf demonologists
  10 black draconians
  10 wendigos
  30 war gargoyles
  31 demonspawn black suns
  7 white draconians
  8 deep elf death magi
  6 bennus
  A bunyip (Pan)
  11 yellow draconians
  15 deep elf annihilators
  15 purple draconians
  10 dire elephants
  35 lorocyprocas
  12 green draconians
  2 spectral titans
  Azrael (Elf:2)
  14 eidola
  10 spark wasps
  13 merfolk impalers
  15 jiangshi
  10 mummy priests
  15 ettins
  24 green deaths
  9 merfolk javelineers
  7 fire dragons
  27 blizzard demons (Pan)
  2 spectral quicksilver dragons (Tar:4)
  27 iron golems
  12 deep elf high priests
  A spectral golden dragon (Tar:4)
  The ghost of Daunt the Spear-Bearer, a journeyman SpAl of Dithmenos (Lair:5)
  6 spectral spriggans
  5 entropy weavers
  8 hydras
  Erolcha (Orc:2)
  17 great orbs of eyes
  14 yaktaur captains
  A spriggan zombie (Tomb:1)
  36 vault guards
  5 ice dragons
  16 salamander tyrants
  5 catoblepae
  7 hell beasts
  3 juggernaut simulacra
  16 rakshasas
  A spriggan skeleton (Tomb:1)
  4 ogre magi
  A peacekeeper (Vaults:4)
  Erica (D:8)
  4 caustic shrike simulacra
  6 centaur warriors
  13 anacondas
  3 merfolk avatars
  A jorogumo (Pan)
  6 boulder beetles
  7 ironbound frosthearts
  3 spriggan air magi (Depths:3)
  6 stokers
  3 death knights
  A spectral stone giant (Tar:1)
  2 merfolk aquamancers
  15 two-headed ogres
  4 satyrs
  39 dancing weapons
  22 death yaks
  A spectral human (Tar:2)
  A deep troll shaman (Depths:3)
  11 tengu warriors
  17 naga warriors
  37 death scarabs
  33 hell hogs
  8 vampire magi
  3 spectral dire elephants
  5 occultists
  5 deep troll earth magi
  Urug (Lair:3)
  15 deep elf knights
  22 naga sharpshooters
  4 orc high priests
  27 demonic crawlers
  3 spectral emperor scorpions (Pan)
  6 shock serpents
  126 sun demons
  7 thrashing horrors (Abyss:3)
  A spectral orc (Tar:2)
  21 hell knights
  10 iron trolls
  83 soul eaters
  11 spriggan berserkers
  7 wretched stars (Abyss:3)
  2 storm dragon zombies
  13 crystal echidnas
  17 shadow wraiths
  3 spectral anacondas
  38 sixfirhies
  10 sea snakes
  49 skeletal warriors
  2 anaconda zombies (Hell)
  6 spectral bunyips
  An iron giant zombie (Crypt:3)
  85 large abominations
  9 skysharks
  3 hellephant skeletons (Pan)
  A spatial maelstrom (Abyss:3)
  A glowing orange brain (shapeshifter) (Vaults:5)
  An orb spider (Abyss:3)
  41 deep trolls
  2 salamander mystics
  7 quicksilver dragon simulacra
  2 bunyip zombies
  3 sun moths (Pan)
  A mana viper (shapeshifter) (Vaults:5)
  6 deep elf archers
  8 glowing orange brains
  30 shadow demons (Pan)
  2 flayed ghosts
  An orb spider (shapeshifter) (Elf:2)
  2 spectral iron dragons
  A bunyip skeleton (Crypt:1)
  6 arcanists
  A swamp dragon (Abyss:3)
  2 anaconda skeletons
  29 phantasmal warriors
  8 bog bodies
  6 mana vipers
  7 naga ritualists (Snake:4)
  A fenstrider witch simulacrum (Coc:2)
  3 spriggan simulacra
  14 necromancers
  25 ironbound convokers
  6 lindwurms (Vaults:2)
  8 orc knights
  20 deep elf zephyrmancers
  17 harpies
  A shadow dragon zombie (Crypt:3)
  27 deep elf pyromancers
  A wolf spider (shapeshifter) (Vaults:5)
  An alligator zombie (Hell)
  4 orc sorcerers
  11 shining eyes
  12 fauns
  A stone giant zombie (Crypt:3)
  18 manticores
  29 ugly things
  18 salamanders
  A shining eye (shapeshifter) (Vaults:1)
  An iron dragon zombie (Tomb:1)
  9 cyclopes
  Maurice (D:10)
  A manticore (shapeshifter) (Vaults:5)
  4 spectral centaurs (Tar:2)
  4 spectral ettins
  22 moths of wrath
  5 worldbinders (Abyss:3)
  8 guardian serpents
  A black mamba (shapeshifter) (D:9)
  6 elephants
  23 merfolk sirens
  3 titan simulacra
  An iron dragon skeleton (Abyss:3)
  A water nymph (shapeshifter) (Vaults:5)
  5 kobold blastminers
  An ice statue (IceCv)
  2 centaur zombies
  19 orange demons
  Joseph (D:7)
  11 apocalypse crabs
  6 water nymphs
  A human skeleton (Crypt:2)
  17 rust devils
  23 black mambas
  14 naga magi
  A naga zombie (Crypt:3)
  23 vault sentinels
  9 eyes of devastation
  9 molten gargoyles
  A torpor snail (shapeshifter) (Vaults:5)
  4 torpor snails
  98 smoke demons
  2 gargoyles (D:12)
  An alligator snapping turtle zombie (Tomb:2)
  An elephant slug zombie (Crypt:1)
  8 unseen horrors
  A dire elephant skeleton (Tomb:3)
  13 cane toads
  Maggie (D:8)
  A storm dragon simulacrum (Coc:1)
  4 rime drakes
  3 spectral nagas
  30 yaktaurs
  5 tengu conjurers
  12 efreet
  22 ice devils
  Psyche (D:8)
  19 hellions
  2 golden dragon simulacra
  4 komodo dragons
  2 anaconda simulacra
  5 iron giant simulacra
  15 freezing wraiths
  3 ancient zymes (Abyss:3)
  29 guardian mummies
  2 harpy zombies
  16 spectral harpies
  26 tormentors
  A hydra zombie (Hell)
  13 red devils (Pan)
  A redback zombie (Crypt:1)
  4 silent spectres
  9 trolls
  A merfolk (shapeshifter) (Vaults:5)
  26 merfolk
  47 hellwings
  A polar bear (shapeshifter) (Elf:1)
  A sea snake skeleton (Hell)
  2 hydra skeletons
  2 elf simulacra (Vaults:3)
  A shadow dragon simulacrum (Coc:1)
  2 tyrant leeches (Zot:1)
  20 blink frogs
  2 harpy skeletons
  An iron dragon simulacrum (Coc:2)
  A glass eye (shapeshifter) (Depths:3)
  A meliai zombie (Crypt:3)
  8 wind drakes
  10 glass eyes
  3 polar bears
  131 slime creatures
  2 ettin zombies
  19 raiju (Abyss:3)
  14 snapping turtles
  A guardian serpent skeleton (Crypt:2)
  An ettin skeleton (Crypt:1)
  A stone giant simulacrum (Coc:6)
  7 dire elephant simulacra
  4 air elementals
  3 shadows
  A yak (shapeshifter) (Elf:2)
  A wind drake zombie (Crypt:2)
  53 ynoxinuls
  12 water elementals
  11 ushabtiu
  A black mamba zombie (Crypt:3)
  2 centaur simulacra
  6 humans (D:13)
  82 yaks
  4 wyverns
  5 fire elementals
  The ghost of peterlawrence the Cudgeller, an amateur MiFi (D:4)
  A vampire (D:11)
  A fire bat (Volcano)
  55 neqoxecs
  11 wraiths
  7 basilisks
  4 death yak simulacra (IceCv)
  A sea snake simulacrum (Hell)
  5 golden eyes
  3 steam dragons
  A warg (shapeshifter) (D:15)
  2 human simulacra (Vaults:3)
  8 wargs
  5 redbacks
  48 chaos spawn
  Menkaure (D:4)
  3 spatial vortices (Abyss:3)
  2 vampire mosquitoes (D:10)
  4 swamp worms (shapeshifter)
  A deep troll zombie (Crypt:2)
  38 nagas
  13 harpy simulacra
  18 water moccasins
  2 acid dragons
  Duvessa (D:5)
  10 hydra simulacra
  10 hell hounds
  49 orc warriors
  A blink frog zombie (Crypt:1)
  2 sky beasts
  6 ettin simulacra
  A black mamba simulacrum (Crypt:2)
  A dream sheep zombie (Crypt:1)
  11 small abominations (Abyss:3)
  4 centaurs
  19 laughing skulls
  8 boggarts
  9 ogres
  18 wolves
  An elf zombie (Ossuary)
  4 weeping skulls (Abyss:3)
  A kobold brigand (D:7)
  4 necrophages
  13 bullfrogs
  An earth elemental (Elf:3)
  4 scorpions
  3 cane toad simulacra (IceCv)
  An elf skeleton (Crypt:1)
  A two-headed ogre simulacrum (IceCv)
  12 wights
  Dowan (D:5)
  6 killer bees (D:8)
  A yak zombie (Crypt:3)
  2 elephant simulacra (IceCv)
  A yak skeleton (Crypt:2)
  9 electric eels
  A troll skeleton (Crypt:3)
  5 howler monkeys
  6 lava snakes
  A crimson imp (D:3)
  A human zombie (Ossuary)
  A basilisk zombie (Crypt:3)
  15 jellies
  25 orc priests
  3 sleepcaps
  3 hounds
  17 starcursed masses (Abyss:3)
  3 iguanas
  34 orc wizards
  7 hell rats (Hell)
  Ijyb (D:5)
  8 polar bear simulacra (IceCv)
  A troll simulacrum (IceCv)
  4 scorpion zombies (Ossuary)
  3 wolf simulacra (IceCv)
  A hound skeleton (Crypt:1)
  46 mummies
  10 adders
  3 gnolls (Bailey)
  3 naga simulacra
  A steam dragon skeleton (Crypt:2)
  4 shadow imps
  3 white imps
  5 ufetubi
  3 adder zombies
  A dart slug (D:3)
  99 orcs
  3 ball pythons
  6 bats
  9 endoplasms
  A giant cockroach (D:4)
  3 gnoll zombies (Ossuary)
  12 goblins
  6 hobgoblins
  4 quokkas
  4 frilled lizards
  A goblin skeleton (Crypt:1)
  A jackal skeleton (Crypt:3)
  A jackal zombie (Ossuary)
  7 kobolds (D:7)
  5 kobold zombies (Ossuary)
  An orc skeleton (Crypt:2)
  3 rats
  6 aspiring fleshes
  A ball lightning (Pan)
  7 creeping infernos
  20 fire vortices
  A lurking horror (Abyss:3)
  12 starspawn tentacles
4974 creatures vanquished.

Vanquished Creatures (collateral kills)
  10 royal mummies
  7 caustic shrikes
  A profane servitor (Tar:5)
  2 bone dragons (Tar:7)
  4 Tzitzimimeh
  An iron giant (Dis:6)
  2 tainted leviathans (Tar:7)
  3 ancient champions (Tomb:3)
  2 fire giants (Geh:7)
  A balrug (Geh:7)
  2 putrid mouths (Tar:7)
  4 bennus
  10 mummy priests
  A spriggan zombie (Tomb:3)
  An iron golem (Hell)
  A salamander tyrant (Geh:7)
  A spriggan skeleton (Tomb:3)
  2 two-headed ogres (Volcano)
  A death scarab (Tomb:3)
  13 hell hogs
  9 skeletal warriors (Tomb:3)
  A bunyip zombie (Tomb:3)
  4 sun demons
  6 shadow wraiths (Tar:7)
  2 iron trolls
  A phantasmal warrior (Hell)
  A rust devil (Hell)
  A kobold blastminer (Orc:2)
  3 molten gargoyles (Geh:7)
  A yaktaur (Vaults:3)
  A tormentor (Tar:5)
  23 guardian mummies
  An ushabti (Tomb:3)
  An ettin skeleton (Tomb:3)
  An orc warrior (Orc:2)
  2 laughing skulls (Crypt:1)
  An orc priest (Orc:2)
  A hell rat (Hell)
  13 mummies
142 creatures vanquished.

Vanquished Creatures (others)
  A pandemonium lord (Pan)
  A royal mummy (Tomb:3)
  2 caustic shrikes
  A bone dragon (Tar:7)
  A Brimstone Fiend (Pan)
  An eldritch tentacle (Pan)
  3 ancient champions (Tomb:3)
  A fire giant (Geh:7)
  A quicksilver elemental (Dis:3)
  A draconian knight (Zot:5)
  2 reapers (Pan)
  A putrid mouth (Tar:7)
  A yellow draconian (Zot:3)
  A vault guard (D:13)
  A salamander tyrant (Geh:7)
  A caustic shrike simulacrum (Coc:7)
  A stoker (Geh:7)
  A merfolk aquamancer (Pan)
  5 hell hogs
  2 sun demons (Pan)
  4 shadow wraiths (Tar:7)
  An iron troll (Dis:6)
  A skeletal warrior (Tomb:3)
  2 large abominations
  A harpy (Shoals:2)
  A smoke demon (Pan)
  A molten gargoyle (Geh:7)
  A golden dragon simulacrum (Coc:7)
  6 guardian mummies
  A hellwing (Pan)
  2 ynoxinuls (Pan)
  A small abomination (Abyss:3)
  A golden eye (Abyss:3)
  A neqoxec (Pan)
  A hell rat (Hell)
  A mummy (Tomb:3)
  5 ball lightnings (Pan)
  A creeping inferno (Geh:6)
  2 lurking horrors (Abyss:3)
  12 starspawn tentacles
75 creatures vanquished.

Grand Total: 5191 creatures vanquished

Notes
Turn   | Place    | Note
-------+----------+-------------------------------------------
     0 | D:1      | persistantfolly the Draconian Hexslinger began the quest
                  | for the Orb.
     0 | D:1      | Reached XP level 1. HP: 16/16 MP: 2/2
    69 | D:1      | Found a faded altar of an unknown god.
    82 | D:1      | Prayed at the altar of an unknown god.
    82 | D:1      | Became a worshipper of Zin the Law-Giver
    82 | D:1      | Reached * piety under Zin
   450 | D:1      | Reached XP level 2. HP: 23/23 MP: 3/3
   472 | D:1      | Learned a level 2 spell: Jinxbite
  1017 | D:2      | Reached XP level 3. HP: 28/28 MP: 1/4
  1166 | D:2      | Reached ** piety under Zin
  1512 | D:3      | Reached *** piety under Zin
  1602 | D:3      | Found a shimmering altar of Xom.
  1603 | D:3      | Found a burning altar of Makhleb.
  1609 | D:3      | Reached skill level 1 in Stealth
  1609 | D:3      | Reached skill level 1 in Invocations
  1609 | D:3      | Reached XP level 4. HP: 28/35 MP: 2/5
  2018 | D:3      | You fall into a shaft and drop 3 floors!
  2018 | D:6      | Found a hide-covered altar of Uskayaw.
  2027 | D:6      | Reached **** piety under Zin
  2037 | D:6      | Noticed a bullfrog
  2115 | D:6      | Noticed an ogre
  2117 | D:6      | Killed an ogre
  2118 | D:6      | Reached skill level 1 in Evocations
  2118 | D:6      | Reached XP level 5. HP: 41/41 MP: 5/7
  2127 | D:6      | Learned a level 3 spell: Sigil of Binding
  2150 | D:6      | Reached XP level 6. HP: 48/48 MP: 6/8
  2183 | D:6      | Found a sand-covered staircase.
  2192 | Ossuary  | Entered an ossuary
  2583 | Ossuary  | Your scales start taking on a pale cyan-grey colour.
  2583 | Ossuary  | Reached XP level 7. HP: 55/55 MP: 6/10
  2583 | Ossuary  | Gained mutation: You are immune to the effects of steam.
                  | [Pale Draconian growth]
  2594 | Ossuary  | Reached skill level 5 in Ranged Weapons
  2755 | D:5      | Entered Level 5 of the Dungeon
  2755 | D:5      | Noticed a wyvern
  2853 | D:6      | Learned a level 3 spell: Inner Flame
  2951 | D:5      | Reached ***** piety under Zin
  3008 | D:4      | Reached XP level 8. HP: 58/62 MP: 8/12
  3259 | D:4      | Noticed peterlawrence's ghost (amateur MiFi)
  3259 | D:4      | Found a runed translucent door.
  3373 | D:4      | Noticed Menkaure
  3377 | D:4      | Killed Menkaure
  3457 | D:4      | Found Gozag's Platinum Reserve.
  3459 | D:4      | Found an opulent altar of Gozag.
  3583 | D:4      | Found Kavesiev's Armour Shop.
  3586 | D:4      | Bought a +0 pair of boots for 63 gold pieces
  4249 | D:5      | Noticed Ijyb
  4257 | D:5      | Killed Ijyb
  4258 | D:5      | Reached skill level 1 in Throwing
  4262 | D:5      | Noticed Duvessa
  4880 | D:5      | Noticed Dowan
  4902 | D:5      | Killed Duvessa
  4911 | D:5      | Killed Dowan
  5118 | D:6      | Found Boposk's General Store.
  5123 | D:6      | Bought a scroll of noise for 14 gold pieces
  5123 | D:6      | Bought 2 potions of curing for 84 gold pieces
  5123 | D:6      | Bought a scroll of poison for 56 gold pieces
  5360 | D:7      | Reached XP level 9. HP: 44/71 MP: 14/14
  5376 | D:7      | Found a staircase to the Ecumenical Temple.
  5528 | D:7      | Found a flagged portal.
  5580 | Bailey   | Entered a bailey
  5586 | Bailey   | Reached skill level 5 in Hexes
  5857 | Bailey   | Noticed an orc high priest
  6222 | Bailey   | Killed an orc high priest
  6223 | Bailey   | Reached XP level 10. HP: 77/80 MP: 6/16
  6393 | Bailey   | Noticed an orc knight
  6415 | Bailey   | Killed an orc knight
  6416 | Bailey   | Reached skill level 5 in Fighting
  6416 | Bailey   | Reached skill level 5 in Invocations
  6698 | D:7      | Reached ****** piety under Zin
  6885 | D:7      | Noticed Joseph
  6985 | D:7      | Killed Joseph
  7295 | D:8      | Noticed Maggie
  7376 | D:8      | Reached skill level 10 in Ranged Weapons
  7395 | D:8      | Noticed Psyche
  7401 | D:8      | Killed Psyche
  7518 | D:8      | Noticed Gastronok
  7530 | D:8      | Killed Gastronok
  7637 | D:8      | Killed Maggie
  7724 | D:8      | Reached XP level 11. HP: 86/86 MP: 14/17
  7820 | D:8      | Found a broken altar of Ashenzari.
  8146 | D:8      | Noticed Erica
  8225 | D:9      | Found a staircase to the Lair.
  8496 | D:9      | Learned a level 4 spell: Cause Fear
  8501 | D:9      | Learned a level 4 spell: Dimensional Bullseye
  8667 | Lair:1   | Entered Level 1 of the Lair of Beasts
  8754 | D:9      | Found a sparkling altar of Nemelex Xobeh.
  8754 | D:9      | Found a snail-covered altar of Cheibriados.
  8950 | D:9      | Found a staircase to the Orcish Mines.
  8964 | D:9      | Noticed an orc knight
  8964 | D:9      | Noticed a deep elf pyromancer
  8995 | D:9      | Noticed a two-headed ogre
  9001 | D:9      | Killed a two-headed ogre
  9002 | D:9      | Reached skill level 1 in Translocations
  9288 | Orc:1    | Entered Level 1 of the Orcish Mines
  9288 | Orc:1    | Noticed an orc knight
  9288 | Orc:1    | Noticed an orc sorcerer
  9292 | Orc:1    | Paralysed by an orc sorcerer for 2 turns
  9400 | D:9      | Killed an orc sorcerer
  9715 | Orc:1    | Killed an orc knight
  9825 | Orc:1    | Noticed an orc sorcerer
  9825 | Orc:1    | Noticed an orc high priest
  9834 | Orc:1    | Killed an orc sorcerer
  9834 | Orc:1    | Killed an orc high priest
 10476 | Orc:2    | Entered Level 2 of the Orcish Mines
 10476 | Orc:2    | Noticed a two-headed ogre
 10476 | Orc:2    | Noticed a two-headed ogre
 10482 | Orc:2    | Noticed an orc knight
 10499 | Orc:1    | Killed a two-headed ogre
 10602 | Orc:2    | Noticed an orc high priest
 10602 | Orc:2    | Found Suac's Jewellery Shop.
 10630 | Orc:2    | Noticed an orc warlord
 10640 | Orc:2    | Noticed an orc sorcerer
 10700 | Orc:2    | Noticed an orc knight
 10714 | Orc:2    | Killed an orc knight
 10757 | Orc:2    | Noticed an orc knight
 10771 | Orc:2    | Killed an orc knight
 10781 | Orc:2    | Reached XP level 12. HP: 51/94 MP: 6/18
 10785 | Orc:2    | Found a dark tunnel.
 10905 | Orc:2    | Learned a level 3 spell: Volatile Blastmotes
 10908 | Volcano  | Entered a volcano
 11472 | Volcano  | Found a burning altar of Makhleb.
 11472 | Volcano  | Noticed a two-headed ogre
 11472 | Volcano  | Noticed an ogre mage
 11472 | Volcano  | Noticed a two-headed ogre
 11472 | Volcano  | Noticed a two-headed ogre
 11482 | Volcano  | Killed a two-headed ogre
 11487 | Volcano  | Killed a two-headed ogre
 11494 | Volcano  | Killed a two-headed ogre
 11510 | Volcano  | Killed an ogre mage
 11745 | Volcano  | Noticed a two-headed ogre
 11760 | Volcano  | Killed a two-headed ogre
 11909 | Volcano  | Reached skill level 5 in Evocations
 11912 | Volcano  | Identified the +0 pair of gloves of Generosity {*Corrode
                  | rF+ Dex+5}
 12032 | Volcano  | Upgraded the game from 0.31.0-4-g52a2dc7128 to
                  | 0.31.0-7-gf635a9b802
 12051 | Orc:2    | Found a staircase to the Elven Halls.
 12230 | Orc:2    | Noticed Saint Roka
 12567 | Orc:2    | Killed a two-headed ogre
 12568 | Orc:2    | Reached skill level 5 in Stealth
 13063 | Orc:1    | Killed an orc warlord
 13064 | Orc:1    | Reached skill level 10 in Invocations
 13269 | Orc:1    | Killed an orc high priest
 13470 | Orc:2    | Noticed Erolcha
 13481 | Orc:2    | Killed Erolcha
 13589 | Orc:1    | Reached skill level 5 in Dodging
 13769 | Orc:2    | Bought the ring "Poicsat" {rC+ rN+ Str-4 Dex+2 SInv} for
                  | 434 gold pieces
 13931 | Orc:2    | Reached XP level 13. HP: 98/100 MP: 14/20
 14199 | Orc:2    | Found Niteib Soto's Assorted Antiques.
 14207 | Orc:2    | Bought 3 scrolls of teleportation for 234 gold pieces
 14207 | Orc:2    | Bought a metallic clear potion for 23 gold pieces
 14207 | Orc:2    | Bought a twisted glass wand for 104 gold pieces
 14207 | Orc:2    | Bought a scroll of identify for 52 gold pieces
 14978 | Orc:2    | Found Ideddeh's Antique Weapon Shoppe.
 14981 | Orc:2    | Found Bookhuo's Antique Armour Emporium.
 14991 | Orc:2    | Bought a runed cloak for 165 gold pieces
 15898 | Lair:1   | You fall into a shaft and drop 1 floor!
 18569 | Lair:2   | Found a staircase to the Snake Pit.
 18887 | Lair:2   | Acquired the +0 buckler of Springtime {Regen+ Int+2}
 18943 | Lair:3   | Noticed Urug
 18951 | Lair:3   | Killed Urug
 18952 | Lair:3   | Reached skill level 5 in Spellcasting
 19008 | Lair:3   | Found a frozen archway.
 19017 | IceCv    | Entered an ice cave
 19542 | IceCv    | Found an ancient bone altar of Kikubaaqudgha.
 19633 | IceCv    | Reached skill level 1 in Shields
 19879 | IceCv    | Reached XP level 14. HP: 91/113 MP: 11/22
 20205 | IceCv    | Got the Spellbook of the Decaying Icicle
 20216 | IceCv    | Learned a level 3 spell: Ozocubu's Armour
 20219 | IceCv    | Learned a level 2 spell: Scorch
 20219 | IceCv    | Upgraded the game from 0.31.0-7-gf635a9b802 to
                  | 0.31.0-9-g3a7656b989
 21039 | Lair:3   | Reached skill level 15 in Ranged Weapons
 21095 | Lair:3   | Reached skill level 1 in Ice Magic
 21421 | Lair:3   | Identified the +7 war axe "Megopin" {protect, rF+ Int+3
                  | Dex+3}
 21726 | Lair:3   | Found a staircase to the Shoals.
 22098 | D:4      | Killed peterlawrence's ghost
 22286 | D:8      | Killed Erica
 22447 | D:9      | Identified the +6 quarterstaff "Qafellet" {holy, rC+ MP+9
                  | Str-5 SInv}
 24042 | Lair:5   | Entered Level 5 of the Lair of Beasts
 24152 | Lair:5   | Reached skill level 5 in Fire Magic
 24400 | Lair:5   | Reached skill level 5 in Translocations
 24537 | Lair:5   | Found a staircase to the Slime Pits.
 24538 | Lair:5   | Found a viscous altar of Jiyva.
 24806 | Lair:4   | Reached XP level 15. HP: 120/123 MP: 24/26
 25436 | Lair:5   | Learned a level 3 spell: Swiftness
 25450 | Lair:5   | Found a runed translucent door.
 25456 | Lair:5   | Noticed Daunt's ghost (journeyman SpAl)
 26084 | Lair:5   | Reached skill level 1 in Air Magic
 26692 | D:10     | Entered Level 10 of the Dungeon
 26692 | D:10     | Found Roepeeko's Distillery.
 26692 | D:10     | Found Besuexzi's Weapon Shoppe.
 26694 | D:10     | Bought a potion of invisibility for 88 gold pieces
 26759 | D:10     | Found Lycut's Book Shop.
 26768 | D:10     | Bought a book of Party Tricks for 264 gold pieces
 26770 | D:10     | Learned a level 1 spell: Apportation
 26926 | D:10     | Found Foxziakh's Weapon Shop.
 27051 | D:10     | Found Veulur's General Store.
 27058 | D:10     | Bought a potion of curing for 48 gold pieces
 27342 | D:10     | Found a glowing silver altar of Zin.
 27342 | D:10     | Found a shimmering blue altar of Sif Muna.
 27362 | D:10     | Noticed Maurice
 27369 | D:10     | Killed Maurice
 27677 | D:11     | Identified the +2 pair of gloves of Vehumet's Whim {rF+
                  | Str+3 Stlth+}
 29282 | D:12     | Got the Atlas of Radiant Invitation
 29289 | D:12     | Identified the +1 tower shield of Privacy {rN+ rCorr}
 29560 | D:13     | Found Apsic's Alliterative Armaments.
 29860 | D:13     | Identified the +6 great sword "Itrituaq" {freeze, rPois
                  | rF++ MP-9}
 29899 | D:13     | Reached skill level 10 in Fighting
 30040 | D:13     | Found a gate to the Vaults.
 30198 | D:13     | Upgraded the game from 0.31.0-9-g3a7656b989 to
                  | 0.31.0-10-gcf4a605ca0
 30401 | D:14     | Reached XP level 16. HP: 134/134 MP: 28/28
 30435 | D:14     | Reached skill level 5 in Shields
 31092 | D:10     | Bought a scroll of acquirement for 832 gold pieces
 31092 | D:10     | Acquired the amulet of Gysim {Faith rPois Will+ MP-9
                  | Stlth+}
 31191 | Orc:2    | Killed Saint Roka
 31288 | Orc:2    | Found Moyv's Armour Boutique.
 31522 | D:15     | Entered Level 15 of the Dungeon
 31930 | D:15     | Found the +8 lance "Wyrmbane" {slay drac, rPois rF+ rC+
                  | AC+3}
 32194 | D:15     | Reached skill level 5 in Ice Magic
 32640 | D:15     | Found a staircase to the Depths.
 32964 | Elf:1    | Entered Level 1 of the Elven Halls
 33198 | Elf:1    | Found a runed translucent gate.
 33199 | Elf:1    | Found a runed translucent gate.
 33200 | Elf:1    | Found a runed translucent gate.
 33263 | Elf:1    | Paralysed by an air elemental for 1 turns
 33821 | Abyss:3  | Found a corrupted altar of Lugonu.
 33821 | Abyss:3  | Cast into level 3 of the Abyss (a deep elf sorcerer)
 33945 | Abyss:3  | Reached skill level 5 in Air Magic
 34018 | Abyss:3  | Paralysed by accursed screaming for 1 turns
 34032 | Elf:1    | Escaped the Abyss
 34054 | Elf:1    | Got Sif Muna's Writings on Cooperative Concussion
 34509 | Elf:2    | Paralysed by an air elemental for 1 turns
 34691 | Elf:2    | Paralysed by an air elemental for 1 turns
 34954 | Elf:2    | Noticed Azrael
 34961 | Elf:2    | Killed Azrael
 35263 | Elf:2    | Reached XP level 17. HP: 119/143 MP: 24/29
 35603 | Elf:2    | Noticed a deep elf blademaster
 35634 | Elf:2    | Found an ancient bone altar of Kikubaaqudgha.
 35646 | Elf:3    | Entered Level 3 of the Elven Halls
 35854 | Elf:2    | Found Mymo's Book Shop.
 35857 | Elf:2    | Bought a book of Minor Magic for 304 gold pieces
 35860 | Elf:2    | Learned a level 2 spell: Blink
 35910 | Elf:2    | Found a runed translucent gate.
 35911 | Elf:2    | Found a runed translucent gate.
 35911 | Elf:2    | Found a runed translucent gate.
 36644 | Shoals:1 | Entered Level 1 of the Shoals
 37746 | Shoals:2 | Identified the +7 tower shield "Guxzator" {Rampage rElec
                  | rF- Slay+6}
 37746 | Shoals:2 | Noticed Louise
 37803 | Shoals:2 | Noticed Ilsuiw
 37820 | Shoals:2 | Noticed Polyphemus
 37825 | Shoals:2 | Killed Ilsuiw
 37980 | Shoals:1 | Killed Polyphemus
 38067 | Shoals:2 | Killed Louise
 38181 | Shoals:2 | Identified the blade talisman of the Treeataur {rElec
                  | Str+2}
 38732 | Shoals:2 | Found Naofoorem's Jewellery Shop.
 39192 | Shoals:3 | Noticed Roxanne
 39647 | Shoals:3 | Found Fitiow Jyfoo's Jewellery Emporium.
 39686 | Shoals:3 | Noticed Donald
 39847 | Shoals:3 | Identified the maw talisman of the Present {rF+}
 40085 | Shoals:3 | Killed Donald
 40376 | Shoals:3 | Killed Roxanne
 40411 | Shoals:4 | Entered Level 4 of the Shoals
 40463 | Shoals:4 | Reached XP level 18. HP: 154/154 MP: 31/31
 40544 | Shoals:4 | Found a runed translucent door.
 41543 | Shoals:4 | Got a barnacled rune of Zot
 41692 | Shoals:4 | Got The Lost Truths and You
 42070 | Shoals:4 | Identified the staff of Tension {rF+ rN+ Str+4 Int-4 Fire}
 42255 | Snake:1  | Entered Level 1 of the Snake Pit
 42302 | Snake:1  | Noticed Nikola
 42310 | Snake:1  | Killed Nikola
 42339 | Snake:1  | Learned a level 5 spell: Silence
 42389 | Snake:1  | Identified the serpent talisman of the Sacrificial Victim
                  | {Int-5 Dex+5}
 42389 | Snake:1  | Noticed Aizul
 42407 | Snake:1  | Killed Aizul
 43764 | Snake:1  | Reached skill level 10 in Spellcasting
 43823 | Snake:2  | Found Rulenki's Book Boutique.
 43838 | Snake:2  | Noticed Vashnia
 44032 | Snake:2  | Found a large runed translucent door.
 44032 | Snake:2  | Found a large runed translucent door.
 44249 | Snake:2  | Killed Vashnia
 44695 | Snake:2  | Noticed Krumphau's ghost (adept DsMo)
 44816 | Snake:4  | Entered Level 4 of the Snake Pit
 45954 | Snake:4  | Reached XP level 19. HP: 162/162 MP: 19/33
 47329 | Snake:4  | Got a serpentine rune of Zot
 47652 | Vaults:1 | Entered Level 1 of the Vaults
 47685 | Vaults:1 | Reached skill level 10 in Hexes
 47871 | Vaults:1 | Paralysed by a sphinx for 4 turns
 47878 | Vaults:1 | Paralysed by a sphinx for 2 turns
 48757 | Vaults:1 | Found a transporter.
 48870 | Vaults:1 | Found a transporter.
 48877 | Vaults:1 | Found a one-way gate to the infinite horrors of the Abyss.
 48877 | Vaults:1 | Noticed Droegar's ghost (adept MiBe)
 49679 | Vaults:2 | Reached XP level 20. HP: 176/176 MP: 26/35
 50410 | Vaults:2 | Reached skill level 15 in Fighting
 51099 | Vaults:3 | Found a staircase to the Crypt.
 51820 | Vaults:3 | Reached skill level 15 in Invocations
 52537 | Vaults:4 | Found Sateemakk's Book Shop.
 52541 | Vaults:4 | Bought a book of Vapours for 494 gold pieces
 52545 | Vaults:4 | Learned a level 3 spell: Mephitic Cloud
 53022 | Vaults:4 | Reached skill level 1 in Conjurations
 53025 | Vaults:4 | Reached skill level 1 in Alchemy
 53488 | Vaults:4 | Acquired 750 gold pieces
 54357 | Vaults:4 | Reached XP level 21. HP: 159/184 MP: 22/37
 54882 | Vaults:4 | Learned a level 5 spell: Freezing Cloud
 55676 | Elf:3    | Upgraded the game from 0.31.0-10-gcf4a605ca0 to
                  | 0.31.0-11-ge490571c62
 55898 | Elf:3    | Identified the +6 chain mail "Xekuy" {+Blink rElec rC+
                  | Regen+}
 55998 | Elf:3    | Identified the +8 falchion "Ujo Atwa" {antimagic, Dex+6
                  | SInv}
 56097 | Elf:3    | Identified the +1 sling "Sisaah" {antimagic, rC++ Int+5}
 56104 | Elf:3    | Identified the ring "Heykor" {Wiz rN+ Will+}
 56107 | Elf:3    | Reached skill level 5 in Conjurations
 56112 | Elf:3    | Identified the +6 broad axe of Extinguishment {flame, rC+
                  | Int+6 Dex+3}
 56112 | Elf:3    | Identified the +3 scale mail of Hunuig {rC+}
 56676 | Elf:3    | Found the +27 heavy crossbow "Sniper" {heavy, Acc+∞ SInv}
 56686 | Elf:3    | Identified the staff of Mourning {rC+ Dex+5 Ice}
 56687 | Elf:3    | Identified the +0 helmet "Xyigrase" {Rampage *Corrode
                  | Str+7}
 56694 | Elf:3    | Got Sif Muna's Catalogue of Non-Euclidean Fumes
 56730 | Elf:3    | Identified the +1 pair of gloves "Nyimmyro" {rC+}
 57347 | Crypt:1  | Entered Level 1 of the Crypt
 57449 | Crypt:1  | Noticed a dread lich
 57459 | Crypt:1  | Killed a dread lich
 57710 | Crypt:1  | Found a runed translucent door.
 57721 | Crypt:1  | Noticed Roocroe's ghost (veteran MiGl)
 57737 | Crypt:1  | Noticed Jory
 57776 | Crypt:1  | HP: 3/184 [Jory/crystal spear (67)]
 58003 | Crypt:1  | Killed Jory
 58509 | Crypt:1  | Noticed Bai Suzhen
 58862 | Crypt:1  | Was placed under penance by Zin
 58865 | Crypt:1  | Killed Bai Suzhen
 59354 | Crypt:2  | Donated 1142 gold pieces to Zin
 59439 | Crypt:1  | Was forgiven by Zin
 59447 | Crypt:2  | Reached XP level 22. HP: 165/195 MP: 29/38
 59627 | Crypt:2  | Identified the +1 dire flail "Meediduh" {flame, rElec
                  | Dex+4}
 60347 | Crypt:3  | Entered Level 3 of the Crypt
 60347 | Crypt:3  | Found the +4 skin of Zhor {*Englaciate rC+++ SInv}
 60383 | Crypt:3  | Found a staircase to the Tomb.
 60467 | Crypt:3  | Found a runed translucent gate.
 60467 | Crypt:3  | Found a runed translucent gate.
 60467 | Crypt:3  | Found a runed translucent gate.
 60468 | Crypt:3  | Noticed Hali's ghost (veteran FoFi)
 60918 | Crypt:3  | Found an iron altar of Okawaru.
 61682 | Crypt:3  | Identified the +8 scimitar "Grom" {protect, rCorr}
 61749 | Crypt:3  | Identified the +8 shortbow of Eternal Harmony {freeze,
                  | Dex+2}
 61860 | Crypt:3  | Found an ancient bone altar of Kikubaaqudgha.
 62271 | Crypt:3  | Identified the staff of the Genius {^Fragile rN+ rCorr
                  | Int+2 Necro}
 62314 | Crypt:3  | Identified the ring "Vitaraje" {rC+ rN+ Slay+2}
 62314 | Crypt:3  | Identified the ring "Cuiheoxe" {rN+ Int+2}
 62314 | Crypt:3  | Identified the ring of Wonder {rN+ Str+3}
 62356 | Crypt:3  | Paralysed by a vampire knight for 5 turns
 62951 | Crypt:3  | Identified the granite talisman of Rationality {rC++ rCorr}
 63537 | Lair:5   | Killed Daunt's ghost
 64645 | Snake:2  | Killed Krumphau's ghost
 64702 | Snake:2  | Identified the +1 helmet "Gufralix" {rC+++ Regen+ Int-3
                  | Stlth+}
 65233 | Vaults:1 | Killed Droegar's ghost
 65622 | Crypt:1  | Killed Roocroe's ghost
 65623 | Crypt:1  | Reached XP level 23. HP: 134/215 MP: 27/39
 66152 | Depths:1 | Entered Level 1 of the Depths
 66179 | Depths:1 | Noticed Norris
 66294 | Depths:1 | Killed Norris
 67210 | Depths:1 | Found a gateway to Hell.
 67273 | Depths:1 | Found an ornate altar of the Wu Jian Council.
 67592 | Depths:1 | Identified the +0 chain mail "Zaigetac" {*Corrode +Blink
                  | rF+++ rN+}
 67616 | Depths:1 | Identified the ring of Discretion {AC+4 Str+6}
 67746 | Depths:2 | Found a one-way gateway to a ziggurat.
 67993 | Depths:2 | Identified the amulet of the Endless Expanse {Spirit rElec
                  | rPois Str-4 Dex-2}
 68018 | Depths:2 | Found a runed translucent door.
 68031 | Depths:2 | Identified the amulet "Kuwobagg" {Spirit rPois rC+ Regen+}
 68200 | Depths:2 | Found a runed translucent door.
 68200 | Depths:2 | Found a runed translucent door.
 68282 | Depths:2 | Identified the ring of Tihas Musu {rN+ Str+4 Int+6}
 68284 | Depths:2 | Identified the ring "Iteuzamnie" {Dex+3 SInv}
 68555 | Depths:2 | Found a shadowy altar of Dithmenos.
 68661 | Depths:2 | Found a portal to a secret trove of treasure.
 68682 | Depths:2 | You paid a toll of 6 scrolls of fog to enter a treasure
                  | trove
 68683 | Trove    | Entered a treasure trove
 68697 | Trove    | Got Sif Muna's Volume of the Singularity and Impulse
 68726 | Trove    | Got Sif Muna's Teachings on Meteoric Dark Words
 68729 | Trove    | Got the Secrets of Misfortune and Rime
 68840 | Depths:2 | Found a one-way gate leading to the halls of Pandemonium.
 70438 | Depths:3 | Noticed a caustic shrike
 70774 | Depths:3 | Killed a caustic shrike
 70775 | Depths:3 | Reached skill level 10 in Dodging
 70897 | Depths:3 | Reached XP level 24. HP: 184/224 MP: 17/39
 70933 | Depths:3 | Identified the +4 scale mail "Yrchaigaib" {rF+}
 71254 | Depths:3 | Identified the staff "Coojeoss" {rPois Stlth+ Conj Alchemy}
 71646 | Depths:4 | Entered Level 4 of the Depths
 72502 | Depths:4 | Noticed Grunn
 72883 | Depths:4 | Found a runed translucent door.
 72914 | Depths:4 | Noticed Barug's ghost (adept TrMo)
 72933 | Depths:4 | Killed Barug's ghost
 72963 | Depths:4 | Identified the +5 short sword of the Baking Ass {vamp, Fly}
 73314 | Depths:4 | Found a gate to the Realm of Zot.
 73826 | Depths:4 | Killed Grunn
 74330 | Depths:3 | Voluntarily entered the Abyss.
 74340 | Abyss:3  | Found a corrupted altar of Lugonu.
 74378 | Abyss:3  | Found a corrupted altar of Lugonu.
 74633 | Abyss:3  | Paralysed by accursed screaming for 1 turns
 74679 | Abyss:3  | Donated 1330 gold pieces to Zin
 74861 | Abyss:3  | Found a corrupted altar of Lugonu.
 75064 | Abyss:3  | Found a corrupted altar of Lugonu.
 75408 | Abyss:3  | Reached XP level 25. HP: 106/231 MP: 20/39
 75432 | Abyss:3  | Got an abyssal rune of Zot
 75527 | Depths:3 | Escaped the Abyss
 75567 | Zot:1    | Entered Level 1 of the Realm of Zot
 75782 | Zot:1    | Found the +4 dragonskin cloak
 75782 | Zot:1    | Noticed Tiamat
 76444 | Zot:1    | Killed Tiamat
 77994 | Zot:2    | Reached skill level 10 in Stealth
 78076 | Zot:2    | Noticed Parghit
 78112 | Zot:2    | Killed Parghit
 79112 | Zot:3    | Noticed an orb of fire
 79194 | Zot:3    | Identified the ring of Disaster {rPois rCorr}
 79521 | Zot:3    | Killed an orb of fire
 79522 | Zot:3    | Identified the +2 whip of Beyond {flame, rF- Str+2 Dex+6
                  | Stlth+}
 80468 | Zot:3    | You are sucked into a shaft and drop 1 floor!
 80476 | Zot:4    | Reached XP level 26. HP: 212/239 MP: 22/39
 80531 | Zot:5    | Entered Level 5 of the Realm of Zot
 80733 | Zot:3    | Got the Incunabulum of The Black Sun
 81738 | Zot:4    | Found the ring of the Octopus King {HP+2 AC+2 EV+2 SH+2
                  | SInv}
 82777 | Zot:5    | Learned a level 4 spell: Passage of Golubria
 82943 | Zot:5    | Noticed an ancient lich
 82951 | Zot:5    | Killed an ancient lich
 83033 | Zot:5    | Noticed an ancient lich
 83042 | Zot:5    | Killed an ancient lich
 83090 | Zot:5    | Noticed an orb of fire
 83104 | Zot:5    | Noticed an orb of fire
 83104 | Zot:5    | Noticed an orb of fire
 83108 | Zot:5    | Noticed an orb of fire
 83298 | Zot:5    | Killed an orb of fire
 83381 | Zot:5    | Noticed an orb of fire
 83385 | Zot:5    | Killed an orb of fire
 83408 | Zot:5    | Reached skill level 27 in Invocations
 83587 | Zot:5    | Noticed an orb of fire
 83591 | Zot:5    | Killed an orb of fire
 83642 | Zot:5    | Gained mutation: Your tail ends in a venomous barb. [an orb
                  | of fire]
 83645 | Zot:5    | Killed an orb of fire
 83831 | Zot:5    | Killed an orb of fire
 84078 | Zot:5    | Killed an orb of fire
 84138 | Zot:5    | Reached XP level 27. HP: 248/248 MP: 31/40
 84226 | Zot:5    | Noticed an ancient lich
 84232 | Zot:5    | Killed an ancient lich
 84593 | Zot:4    | Donated 921 gold pieces to Zin
 85108 | Slime:1  | Entered Level 1 of the Pits of Slime
 87509 | Slime:5  | Entered Level 5 of the Pits of Slime
 88112 | Slime:5  | Noticed the Royal Jelly
 88376 | Slime:5  | Found the +7 mace of Variability {chaos, chaos arc}
 88515 | Slime:5  | Found a viscous altar of Jiyva.
 88628 | Slime:5  | Killed the Royal Jelly
 88987 | Slime:5  | Identified the amulet "Loteleu" {Faith Int+4}
 89008 | Slime:5  | Got Sif Muna's Precepts of Destruction and the Swarm
 89036 | Slime:5  | Got a slimy rune of Zot
 89037 | Slime:5  | Identified the +9 morningstar of Armageddon {antimagic,
                  | ^Fragile rPois rF++}
 89060 | Slime:5  | Identified the +1 long sword of the Wasteland {flame,
                  | Int+6}
 89063 | Slime:5  | Identified the +0 ring mail of Failure {+Inv rElec Will+
                  | Str+2}
 89093 | Slime:5  | Identified the +6 battleaxe of the Dove {elec, rElec rF+
                  | SInv}
 89869 | Depths:2 | Identified the +2 robe of Wag Arei {Regen+}
 89902 | Pan      | Entered Pandemonium
 89915 | Pan      | Found a transporter.
 89963 | Pan      | Found a transporter.
 90206 | Pan      | Found an exit through the horrors of the Abyss.
 91179 | Pan      | Identified the ring of Birdsong {Fly Slay+6}
 91183 | Pan      | Identified the +0 pair of gloves "Meozaj" {Int+2 Stlth+}
 91219 | Pan      | Identified the ring of the Moon {rC+ rN++}
 91596 | Pan      | Noticed Difobloqo the pandemonium lord
 91986 | Pan      | Killed Difobloqo the pandemonium lord
 92507 | Pan      | Identified the +3 leather armour "Yrumad" {rElec rPois MP-9
                  | SInv Stlth+}
 93197 | Pan      | Noticed Yngeth the pandemonium lord
 93208 | Pan      | Killed Yngeth the pandemonium lord
 94029 | Pan      | Reached skill level 27 in Ranged Weapons
 94143 | Pan      | Noticed Biulax the pandemonium lord
 94147 | Pan      | Killed Biulax the pandemonium lord
 94773 | Depths:2 | Escaped Pandemonium
 95110 | Vaults:5 | Entered Level 5 of the Vaults
 95547 | Vaults:5 | Noticed a dread lich
 95554 | Vaults:5 | Killed a dread lich
 95624 | Vaults:5 | Identified the orb of the Undertaker {*channel, rCorr MP+9
                  | Str+3}
 95624 | Vaults:5 | Noticed Frederick
 95635 | Vaults:5 | Killed Frederick
 95636 | Vaults:5 | Reached skill level 10 in Evocations
 96353 | Vaults:5 | Identified the staff of Expedience {^Drain rPois rF+ rN+
                  | Str+3 Dex+3 Fire}
 96713 | Vaults:5 | Identified the +1 trident of Summer {freeze, rElec Str+4}
 96743 | Vaults:5 | Identified the +0 leather armour of Vismath {rPois SInv}
 96751 | Vaults:5 | Noticed Mennas
 96767 | Vaults:5 | Killed Mennas
 97051 | Vaults:5 | Got the Precepts of Green Graupel
 97054 | Vaults:5 | Identified the +1 long sword of Unpleasantness {heavy,
                  | rPois rF+++ Str-2 Stlth-}
 97056 | Vaults:5 | Identified the +8 trident of Arisirum {flame, rPois rN+
                  | Stlth+}
 97061 | Vaults:5 | Identified the +0 scale mail of the Storm King {Harm rElec
                  | rC- Str+6}
 97522 | Vaults:5 | Noticed an ancient lich
 97544 | Vaults:5 | Killed an ancient lich
 97559 | Vaults:5 | Got a silver rune of Zot
 98188 | Pan      | Entered Pandemonium
 98197 | Pan      | Reached skill level 1 in Long Blades
 98674 | Pan      | Noticed Cien the pandemonium lord
 98685 | Pan      | Killed Cien the pandemonium lord
 98797 | Pan      | Reached skill level 15 in Dodging
101156 | Pan      | Noticed Ucweaq the pandemonium lord
101377 | Pan      | Killed Ucweaq the pandemonium lord
101902 | Pan      | Reached skill level 27 in Fighting
101992 | Pan      | Got a demonic rune of Zot
102211 | Pan      | Killed Qerabihy the pandemonium lord
102399 | Pan      | Reached skill level 5 in Long Blades
104356 | Pan      | Noticed Yhutempe the pandemonium lord
104359 | Pan      | Killed Yhutempe the pandemonium lord
104926 | Pan      | Noticed Guacoll the pandemonium lord
105295 | Pan      | Killed Guacoll the pandemonium lord
105789 | Pan      | Found an exit through the horrors of the Abyss.
106134 | Pan      | Noticed Wyge the pandemonium lord
106139 | Pan      | Killed Wyge the pandemonium lord
106919 | Pan      | Noticed Hasuc the pandemonium lord
106921 | Pan      | Killed Hasuc the pandemonium lord
106939 | Pan      | Reached skill level 10 in Long Blades
107403 | Pan      | Entered the realm of Lom Lobon.
108074 | Pan      | Noticed Lom Lobon
108235 | Pan      | Killed Lom Lobon
108241 | Pan      | Got a magical rune of Zot
108558 | Pan      | Entered the realm of Cerebov.
108721 | Pan      | Identified the +4 quarterstaff "Jeolif" {vamp, Str+3 Dex+3
                  | SInv Stlth-}
109841 | Pan      | Found the +6 sword of Cerebov {flame}
109841 | Pan      | Noticed Cerebov
109960 | Pan      | Identified the +4 sling of Orixkymn {heavy, Stlth+}
109964 | Pan      | Identified the ring of Contentment {rElec rF+ rN++ AC+4
                  | Dex-4}
110042 | Pan      | Identified the +0 halberd of Slime {heavy, *Rage Fly rF+
                  | Stlth+}
110106 | Pan      | Killed Cerebov
110129 | Pan      | Got a fiery rune of Zot
110214 | Pan      | Noticed Yfroxoa the pandemonium lord
110218 | Pan      | Killed Yfroxoa the pandemonium lord
110455 | Pan      | Learned a level 7 spell: Enfeeble
110653 | Pan      | Reached skill level 15 in Spellcasting
110730 | Pan      | Found an exit through the horrors of the Abyss.
111067 | Pan      | Entered the realm of Gloorx Vloq.
112000 | Pan      | Reached skill level 15 in Hexes
112131 | Pan      | Noticed Gloorx Vloq
112527 | Pan      | Killed Gloorx Vloq
112731 | Pan      | Got a dark rune of Zot
112829 | Pan      | Noticed Vugri the pandemonium lord
112835 | Pan      | Killed Vugri the pandemonium lord
112968 | Pan      | Identified the +3 short sword "Serezeupa" {drain, Str+4
                  | Dex+3}
113548 | Pan      | Noticed Polos the pandemonium lord
113557 | Pan      | Killed Polos the pandemonium lord
114108 | Pan      | Found an exit through the horrors of the Abyss.
114396 | Pan      | Entered the realm of Mnoleg.
114402 | Pan      | Found an exit through the horrors of the Abyss.
115145 | Pan      | Noticed Mnoleg
115197 | Pan      | Killed Mnoleg
115302 | Pan      | Got a glowing rune of Zot
115561 | Pan      | Learned a level 8 spell: Discord
115604 | Pan      | Noticed Cagef the pandemonium lord
116373 | Pan      | Found an exit through the horrors of the Abyss.
116386 | Pan      | Reached skill level 10 in Air Magic
116616 | Pan      | Killed Cagef the pandemonium lord
117086 | Depths:2 | Escaped Pandemonium
117746 | Crypt:3  | Killed Hali's ghost
117971 | Crypt:3  | Identified the +0 leather armour of Puysk {SInv}
118044 | Tomb:1   | Entered Level 1 of the Tomb of the Ancients
118744 | Tomb:1   | Noticed a royal mummy
118771 | Tomb:1   | Killed a royal mummy
119845 | Hell     | Entered the Vestibule of Hell
119845 | Hell     | Noticed Geryon
119953 | Hell     | Killed Geryon
120369 | Hell     | Found a gateway to the freezing wastes of Cocytus.
120615 | Hell     | Found a gateway to the decaying netherworld of Tartarus.
120735 | Hell     | Found a gateway to the ashen valley of Gehenna.
120799 | Hell     | Found a gateway to the Iron City of Dis.
120893 | Coc:1    | Entered Level 1 of Cocytus
121151 | Coc:2    | Paralysed by a wendigo for 1 turns
122753 | Coc:6    | Paralysed by a wendigo for 1 turns
123220 | Coc:7    | Entered Level 7 of Cocytus
123300 | Coc:7    | Paralysed by a wendigo for 1 turns
123379 | Coc:7    | Paralysed by a wendigo for 1 turns
123478 | Coc:7    | Identified the staff "Mesiq" {Will+ Int+3 Conj}
123481 | Coc:7    | Identified the ring "Ocasirhaz" {rPois Int+2 SInv}
123560 | Coc:7    | Noticed Antaeus
124087 | Coc:7    | Reached skill level 15 in Air Magic
124089 | Coc:7    | Killed Antaeus
124425 | Coc:7    | Got an icy rune of Zot
125445 | Coc:7    | Learned a level 8 spell: Maxwell's Capacitive Coupling
125499 | Dis:1    | Entered Level 1 of the Iron City of Dis
127161 | Dis:7    | Entered Level 7 of the Iron City of Dis
128169 | Dis:7    | Noticed the Serpent of Hell
128637 | Dis:7    | Killed the Serpent of Hell
128864 | Dis:7    | Identified the +9 spear of Terra Cotta {heavy, rCorr}
128891 | Dis:7    | Identified the +3 quick blade of Responsibility {flame,
                  | rElec}
128892 | Dis:7    | Identified the ring "Bicraimm" {rElec rC+ Int+3}
128902 | Dis:7    | Donated 3234 gold pieces to Zin
128944 | Dis:7    | Noticed Dispater
129627 | Dis:7    | Killed Dispater
129730 | Dis:7    | Got an iron rune of Zot
129920 | Geh:1    | Entered Level 1 of Gehenna
132742 | Geh:7    | Entered Level 7 of Gehenna
133686 | Geh:7    | Found the +13 sceptre of Asmodeus
133686 | Geh:7    | Noticed Asmodeus
133691 | Geh:7    | Killed Asmodeus
133705 | Geh:7    | Got an obsidian rune of Zot
135113 | Tar:1    | Entered Level 1 of Tartarus
136746 | Tar:4    | Reached skill level 15 in Evocations
138013 | Tar:7    | Entered Level 7 of Tartarus
138453 | Tar:7    | Reached skill level 27 in Hexes
138469 | Tar:7    | Donated 2503 gold pieces to Zin
140419 | Tar:7    | Identified the +2 dagger "Xobrum" {freeze, rPois rCorr}
140427 | Tar:7    | Identified the staff "Bootier" {Fly rElec rPois Earth
                  | Alchemy}
140493 | Tar:7    | Identified the +10 plate armour of Makhleb's Generosity
                  | {Regen+}
141067 | Tar:7    | Identified the +2 scale mail of the Ageless Nights {Str+4}
141257 | Tar:7    | Noticed Ereshkigal
141535 | Tar:7    | Killed Ereshkigal
141890 | Tar:7    | Got a bone rune of Zot
144206 | Tomb:2   | Noticed a royal mummy
144209 | Tomb:2   | Noticed a royal mummy
144212 | Tomb:2   | Noticed a royal mummy
144218 | Tomb:2   | Killed a royal mummy
144229 | Tomb:2   | Killed a royal mummy
144255 | Tomb:2   | Killed a royal mummy
144299 | Tomb:2   | Killed a royal mummy
145017 | Tomb:1   | Noticed a royal mummy
145018 | Tomb:1   | Noticed a royal mummy
145025 | Tomb:1   | Killed a royal mummy
145026 | Tomb:1   | Reached skill level 10 in Translocations
145026 | Tomb:1   | Noticed a royal mummy
145033 | Tomb:1   | Noticed a royal mummy
145039 | Tomb:1   | Noticed a royal mummy
145047 | Tomb:1   | Killed a royal mummy
145051 | Tomb:1   | Killed a royal mummy
145056 | Tomb:1   | Killed a royal mummy
145062 | Tomb:1   | Killed a royal mummy
145085 | Tomb:1   | Noticed a royal mummy
145090 | Tomb:1   | Noticed a royal mummy
145095 | Tomb:1   | Killed a royal mummy
145103 | Tomb:1   | Killed a royal mummy
145270 | Tomb:1   | Noticed a royal mummy
145272 | Tomb:1   | Noticed a royal mummy
145279 | Tomb:1   | Noticed a royal mummy
145280 | Tomb:1   | Killed a royal mummy
145291 | Tomb:1   | Killed a royal mummy
145310 | Tomb:1   | Killed a royal mummy
145700 | Tomb:1   | Noticed a royal mummy
145709 | Tomb:1   | Killed a royal mummy
145762 | Tomb:1   | Noticed a royal mummy
145764 | Tomb:1   | Noticed a royal mummy
145765 | Tomb:1   | Noticed a royal mummy
145961 | Tomb:1   | Killed a royal mummy
146040 | Tomb:1   | Killed a royal mummy
146265 | Tomb:1   | Killed a royal mummy
146862 | Tomb:3   | Entered Level 3 of the Tomb of the Ancients
146882 | Tomb:3   | Noticed a royal mummy
146885 | Tomb:3   | Noticed a royal mummy
146896 | Tomb:3   | Killed a royal mummy
146903 | Tomb:3   | Noticed a royal mummy
146904 | Tomb:3   | Noticed a royal mummy
146920 | Tomb:3   | Killed a royal mummy
146920 | Tomb:3   | Noticed a royal mummy
146922 | Tomb:3   | Noticed a royal mummy
146926 | Tomb:3   | Killed a royal mummy
146926 | Tomb:3   | Killed a royal mummy
146932 | Tomb:3   | Noticed a royal mummy
146938 | Tomb:3   | Killed a royal mummy
146956 | Tomb:3   | Noticed a royal mummy
146964 | Tomb:3   | Killed a royal mummy
146964 | Tomb:3   | Killed a royal mummy
146965 | Tomb:3   | Killed a royal mummy
147005 | Tomb:3   | Found the +5 Storm Queen's Shield {shock, Fly rElec}
147028 | Tomb:3   | Identified the +1 arbalest of Awkit {penet, Int+6 Dex-3}
147029 | Tomb:3   | Identified the +6 longbow of Okeazoerph {freeze, rF- rN+++
                  | Int-4 SInv}
147050 | Tomb:3   | Identified the amulet "Wehiun" {Reflect rCorr Str+2 SH+5}
147057 | Tomb:3   | Identified the +1 war axe of the Known World {freeze, rN+}
147067 | Tomb:3   | Identified the +3 rapier of the Sharing Owl {drain, rPois
                  | Int+2}
147144 | Tomb:3   | Identified the +0 trident of Unbearable Defiance {venom,
                  | rElec MP+9}
147262 | Tomb:3   | Killed a royal mummy
147468 | Tomb:3   | Got a golden rune of Zot
147672 | Tomb:1   | Learned a level 2 spell: Scorch
148423 | Zot:5    | Got the Orb of Zot
148455 | Zot:5    | Noticed Fofejejuy the pandemonium lord
148458 | Zot:5    | Killed Fofejejuy the pandemonium lord
149127 | D:$      | Escaped with the Orb!

Illustrated notes

Levels and vault maps discovered:
D:1:      minmay_arrival_checkered_box, layout_basic,
          shapermc_ecumenical_altar_mp_ritualfount
D:2:      layout_rooms
D:3:      layout_loops_ring, grunt_temple_overflow_champion_of_chaos,
          minmay_gold_behind_fungi, grunt_ministairs_8
D:4:      layout_cave_pools, nicolae_gozag_zags_fifth_avenue,
          gammafunk_ghost_grave, serial_shops, kennysheep_mini, uniq_menkaure
D:5:      layout_rooms, hangedman_minor_gate_pass, uniq_ijyb, uniq_duvessa
D:6:      layout_loops_cross, nicolae_uskayaw_murder_on_the_dancefloor,
          serial_shops, nicolae_shop_real_fake_doors,
          lightli_ossuary_entry_decrepit_ruins
D:7:      layout_basic, minmay_temple_entry_mist, enter_bailey_5,
          hangedman_decor_points, uniq_joseph
D:8:      layout_loops_ring, mainiacjoe_overflow_concentric_impassable,
          dreamdust_princess_bridge, uniq_maggie, uniq_erica, uniq_gastronok,
          uniq_psyche
D:9:      layout_irregular_city, chequers_temple_overflow_statue_of_worship,
          erik_lair_orcish_takeover, orc_0_dummy, serial_glass, glass_columns_b,
          glass_columns_a, minmay_evil_grid
D:10:     layout_irregular_city, gammafunk_temple_overflow_wave, serial_shops,
          shop, shop, nicolae_shop_tiny_glass, shop,
          nicolae_shop_tiny_statue_garden, uniq_maurice
D:11:     layout_layer_cave
D:12:     layout_rooms
D:13:     layout_rooms, ximxim_vaults_locker_room, monkooky_shop_alliterative
D:14:     layout_roguey, chequers_serial_rivers_micro_b
D:15:     grunt_enter_depths_snipers, layout_irregular_city,
          nicolae_kite_square_tiling_tiny
Lair:1:   layout_roguey, minivault_23, wad_woods_river_03,
          chequers_serial_rivers_small_b
Lair:2:   layout_long_grid, dummy_snake_entry
Lair:3:   layout_cellular_growth, minmay_shoals_entry_beasts,
          portal_ice_cave_entry_pillars_2, uniq_urug
Lair:4:   layout_gridlike, beast_lair_carwin_6
Lair:5:   evilmike_catoblepas_cave, layout_cave_pods,
          minmay_slime_entry_jelly_boxes, ebering_ghost_inner_flame,
          infiniplex_staircase_pool_2
Shoals:1: layout_shoals, nicolae_shoals_secluded_bog
Shoals:2: layout_shoals, serial_shops, shop, nicolae_shoals_loop_pool,
          uniq_ilsuiw, uniq_polyphemus, uniq_louise
Shoals:3: layout_shoals, serial_shops, shop, uniq_roxanne, uniq_donald
Shoals:4: shoals_end_grunt_ice, layout_shoals, lightli_airlock
Snake:1:  layout_layer_cave, grunt_megastairs_3, serial_bayou_shore_a,
          uniq_aizul, uniq_nikola
Snake:2:  layout_onion_interference, ebering_ghost_disaster_area, serial_shops,
          shop, nicolae_snake_slithery_corners, nicolae_snake_flat_spine,
          uniq_vashnia
Snake:3:  layout_cave_pods, nicolae_snake_single_loop
Snake:4:  grunt_snake_rune_serpentine_throne, layout_cave_town
Slime:1:  layout_caves, nicolae_slime_barrier
Slime:2:  layout_caves, nicolae_slime_round_cave
Slime:3:  layout_caves
Slime:4:  layout_caves
Slime:5:  slime_pit_nicolae_amoeboid
Orc:1:    layout_caves, guppyfry_library_mini
Orc:2:    grunt_orc_community_town_hall, layout_caves,
          grunt_orc_community_big_house_1, grunt_orc_community_big_house_2,
          grunt_orc_community_house_2, grunt_orc_community_house_3,
          grunt_orc_community_house_3, grunt_orc_community_house_2,
          serial_shops, shop, lightli_volcano_entry_magma_tube, uniq_erolcha
Elf:1:    layout_loops_ring, minmay_elf_sorcery, nicolae_elf_stone_circles,
          nicolae_elf_hall_of_bonks
Elf:2:    nicolae_elf_blades_crystal_corner, layout_loops_cross, serial_shops,
          shop, lemuel_upstairs_altar, uniq_azrael
Elf:3:    nooodl_elf_gasket, layout_geoelf_diagonals
Vaults:1: gammafunk_ghost_abyssal_escape, nicolae_vaults_double_plus_1,
          ontoclasm_vaults_ring_large, nicolae_vaults_offset_grid_hallway_1,
          nicolae_vaults_shipping_containers_4, nicolae_vaults_tetromino_Z_1,
          nicolae_vaults_network_periphery, serial_library_hellmonk_open_cross,
          nicolae_vaults_house_1, vaults_dpeg_hooks, vaults_room_fours,
          nicolae_vaults_mitosis, nicolae_vaults_trapezoid_lopsided_1,
          hangedman_vaults_stagger, layout_vaults_omnicross
Vaults:2: dpeg_vaults_hating_casters, vaults_mumra_chevron_long,
          nicolae_vaults_little_squares_2, nicolae_vaults_diamond_2,
          v_pattern_2, vaults_dpeg_diagonal, nicolae_vaults_stepped_doors,
          nicolae_vaults_little_squares_2, layout_vaults_maze_snakey
Vaults:3: minmay_crypt_entry_simple_box, vaults_room_grid,
          nicolae_vaults_house_1, nicolae_vaults_surprise_closet,
          nicolae_vaults_border_crossing, nicolae_vaults_apartment_1,
          nicolae_vaults_tetromino_L_1, layout_vaults_omnigrid
Vaults:4: v_rooms_1, vaults_mumra_hex, ontoclasm_vaults_pinch,
          nicolae_vaults_an_arrangement, hangedman_vaults_variations,
          vaults_room_grunt_arrival_ludios, nicolae_vaults_alarming,
          nicolae_vaults_little_squares_6, vaults_mumra_minichess_inversion,
          ontoclasm_vaults_shuriken, nicolae_vaults_double_plus_1,
          nicolae_vaults_double_plus_1, nicolae_vaults_house_1,
          layout_vaults_chaotic_city, serial_shops, shop
Vaults:5: serial_shops, uniq_mennas, uniq_frederick
Crypt:1:  layout_gridlike, ebering_ghost_reflecting_pool, grunt_megastairs_4,
          uniq_jory, uniq_bai_suzhen
Crypt:2:  layout_misc_corridors, roderic_lattice_octagonal_star
Crypt:3:  church_of_pain_bobbens, layout_chaotic_city,
          gammafunk_ghost_fury_of_okawaru
Tomb:1
Tomb:2
Tomb:3
Depths:1: layout_basic, pf_coc_iceberg, nzn_wu_jian_contemplation,
          minmay_metal_thing, uniq_saint_roka, uniq_norris
Depths:2: minmay_the_grid_triangle_9x9_rhombus_full_mashed
          [minmay_the_grid_triangle_9x9_fully_insulated_deathbox,
          minmay_the_grid_triangle_9x9_sparse_checkered,
          minmay_the_grid_triangle_9x9_from_above,
          minmay_the_grid_triangle_9x9_wacky_v,
          minmay_the_grid_triangle_9x9_corrupted_corridor,
          minmay_the_grid_triangle_9x9_zippers_horizontal,
          minmay_the_grid_triangle_9x9_steps,
          minmay_the_grid_triangle_9x9_prize_special], layout_gridlike,
          enter_ziggurat_b, nicolae_trove_entry_crossroad, hell_entry,
          grunt_dithmenos_smoke_and_mirrors, serial_aquarium,
          aquarium_bridge_square [aquarium_subvault_wall,
          aquarium_subvault_window, aquarium_subvault_bridge,
          aquarium_subvault_bridge], aquarium_window_corridor_1,
          aquarium_window_1, aquarium_window_double, aquarium_view_2f,
          aquarium_view_2d, aquarium_balcony_double_1, grunt_pan_entry_spiral
Depths:3: hangedman_pleasuredromes, hell_entry, abyss_entry
Depths:4: grunt_zot_entry_gee_three, layout_basic, serial_bayou_pond_d,
          abyss_entry, ebering_ghost_reflecting_pool, hangedman_geh_valley,
          uniq_grunn, uniq_margery
Hell
Dis:1:    layout_regular_city
Dis:2:    layout_gridville
Dis:3:    layout_jigsaw, hangedman_dis_decor_tower,
          nicolae_hells_seeping_fissure
Dis:4:    layout_regular_city
Dis:5:    layout_overlapping_boxes
Dis:6:    nicolae_dis_heavy_handed_symbolism
Dis:7:    iron_city_of_dis [dis_grunt, dis_wall_1], layout_gridville
Geh:1:    layout_gehenna_pools_triple
Geh:2:    layout_gehenna_lava_caves
Geh:3:    layout_gehenna_lava_caves, lemuel_flamethrower_3
Geh:4:    layout_gehenna_lava_caves
Geh:5:    layout_gehenna_pools_box
Geh:6:    nicolae_geh_seventh_circle, layout_gehenna_lava_caves
Geh:7:    geh_hangedman
Coc:1:    layout_cocytus_water_paths
Coc:2:    layout_ice_bergs
Coc:3:    layout_cocytus_water_paths
Coc:4:    layout_cocytus_water_paths
Coc:5:    layout_cocytus_water_paths
Coc:6:    layout_cocytus_delve
Coc:7:    coc_dpeg
Tar:1:    layout_honeycomb
Tar:2:    layout_catacombs, nicolae_tar_cuneiform_oil,
          nicolae_tar_spectre_spectrum
Tar:3:    layout_cathedral_of_symmetry, nicolae_hells_fiendish_ambush
Tar:4:    layout_grid_maze
Tar:5:    layout_cathedral_of_symmetry
Tar:6:    layout_cathedral_of_symmetry
Tar:7:    tar_mu [tar_mu_maze]
Zot:1:    gammafunk_mikee_crab_dinner, layout_basic, uniq_tiamat
Zot:2:    layout_onion_interference, uniq_parghit
Zot:3:    dreamdust_black_sun_cult, layout_concentric_octagons
Zot:4:    layout_misc_corridors, zot_minivault_1
Zot:5:    layout_cathedral_of_symmetry, skrybe_zot_glass_2

Skill      XL: |  1  2  3  4  5  6  7  8  9 10 11 12 13 14 15 16 17 18 19 20 21 22 23 24 25 26 27 |
---------------+----------------------------------------------------------------------------------+-----
Hexes          | 3 4 6 8 9 10 12 27 | 27.0
Ranged Weapons | 2 3 4 5 7 8 10 11 13 14 15 16 18 19 21 23 24 27 | 27.0
Dodging        | 2 3 5 6 7 8 10 12 24 | 24.6
Stealth        | 1 2 3 4 5 7 8 10 12 | 12.6
Invocations    | 1 2 3 4 7 8 10 11 12 13 14 16 19 20 22 24 27 | 27.0
Evocations     | 1 2 3 4 5 7 8 18 | 18.0
Fighting       | 2 3 4 5 7 8 10 12 14 15 16 19 20 27 | 27.0
Spellcasting   | 2 3 4 5 7 8 9 10 11 12 19 | 19.0
Fire Magic     | 2 3 4 5 6 7 8 |  8.0
Throwing       | 1 |  1.0
Translocations | 2 4 5 6 7 8 11 | 11.3
Shields        | 1 3 4 5 6 7 8 |  8.0
Ice Magic      | 2 4 6 7 8 |  8.5
Air Magic      | 3 5 6 7 8 23 | 23.0
Conjurations   | 3 7 8 |  8.0
Alchemy        | 3 4 |  4.0
Long Blades    | 12 | 12.0

Action                     |  1- 3 |  4- 6 |  7- 9 | 10-12 | 13-15 | 16-18 | 19-21 | 22-24 | 25-27 || total
---------------------------+-------+-------+-------+-------+-------+-------+-------+-------+-------++-------
  Melee: Dagger            |     4 |       |     7 |    94 |     4 |     2 |       |       |       ||   111
         Tailslap          |     1 |       |     2 |    23 |     2 |       |       |     1 |    70 ||    99
         Punch             |       |       |     1 |     2 |       |       |       |       |     4 ||     7
         Hand cannon       |       |       |       |       |       |       |       |     2 |       ||     2
         Eudemon blade     |       |       |       |       |       |       |       |       |   240 ||   240
   Fire: Sling             |    62 |   129 |   268 |   292 |       |       |       |       |       ||   751
         Hand cannon       |       |       |       |   117 |   970 |  1279 |  1450 |  1655 |   908 ||  6379
         Orcbow            |       |       |       |    36 |       |       |       |       |       ||    36
         Heavy crossbow    |       |       |       |       |       |       |       |    88 |  2429 ||  2517
         Longbow           |       |       |       |       |       |       |       |       |  2141 ||  2141
  Throw: Dart              |       |       |       |     1 |       |       |       |       |       ||     1
   Cast: Jinxbite          |     5 |    13 |    39 |    41 |    19 |     3 |     1 |     1 |       ||   122
         Sigil of Binding  |       |     5 |     7 |    27 |    75 |    17 |    11 |    45 |    46 ||   233
         Inner Flame       |       |       |     6 |    52 |    99 |    21 |     7 |       |       ||   185
         Cause Fear        |       |       |       |    18 |    38 |     8 |     8 |     7 |    16 ||    95
         Dimensional Bulls |       |       |       |     9 |    81 |   143 |   103 |   126 |   352 ||   814
         Volatile Blastmot |       |       |       |       |     1 |       |       |     1 |       ||     2
         Ozocubu's Armour  |       |       |       |       |     6 |    26 |    30 |    23 |    32 ||   117
         Scorch            |       |       |       |       |     1 |    36 |    39 |    21 |       ||    97
         Apportation       |       |       |       |       |     1 |       |     2 |     3 |     3 ||     9
         Swiftness         |       |       |       |       |       |     5 |     9 |    18 |    22 ||    54
         Blink             |       |       |       |       |       |     1 |     4 |    18 |    14 ||    37
         Silence           |       |       |       |       |       |       |    25 |     4 |    12 ||    41
         Mephitic Cloud    |       |       |       |       |       |       |     6 |    17 |    10 ||    33
         Freezing Cloud    |       |       |       |       |       |       |       |    26 |    19 ||    45
         Passage of Golubr |       |       |       |       |       |       |       |       |    12 ||    12
         Enfeeble          |       |       |       |       |       |       |       |       |   104 ||   104
         Discord           |       |       |       |       |       |       |       |       |    53 ||    53
         Maxwell's Capacit |       |       |       |       |       |       |       |       |     8 ||     8
 Invoke: Recite            |       |     4 |     5 |    28 |    11 |    21 |    38 |    39 |   105 ||   251
         Vitalisation      |       |       |       |     7 |       |     2 |     4 |     3 |    29 ||    45
         Sanctuary         |       |       |       |     1 |     2 |     5 |     6 |     8 |    28 ||    50
         Imprison          |       |       |       |       |     1 |     1 |     1 |     3 |     8 ||    14
         Donate Gold       |       |       |       |       |       |       |     1 |     1 |     3 ||     5
Ability: Breathe Steam     |       |       |    21 |    39 |    35 |    14 |    22 |    21 |    22 ||   174
  Evoke: Wand              |       |     2 |     1 |    10 |     4 |     2 |     1 |     1 |     9 ||    30
         Sack of spiders   |       |       |       |       |       |     2 |     1 |       |       ||     3
         Lightning rod     |       |       |       |       |       |       |     2 |       |       ||     2
         Phial of floods   |       |       |       |       |       |       |     1 |       |       ||     1
         Phantom mirror    |       |       |       |       |       |       |     1 |       |       ||     1
         Condenser vane    |       |       |       |       |       |       |     1 |       |       ||     1
    Use: Scroll            |       |       |       |    18 |    15 |    16 |     7 |     9 |    49 ||   114
         Potion            |       |       |       |     1 |       |     2 |     4 |     8 |    36 ||    51
   Stab: Sleeping          |       |       |     1 |     3 |       |     1 |       |       |     4 ||     9
         Paralysed         |       |       |       |     7 |       |       |       |       |       ||     7
         Invisible         |       |       |       |     3 |       |       |       |       |     3 ||     6
         Confused          |       |       |       |     2 |       |       |       |       |     1 ||     3
 Armour: Skin              |     9 |    43 |    73 |   256 |   340 |   488 |   570 |   849 |  1673 ||  4301
  Dodge: Dodged            |     7 |    49 |    48 |   199 |   294 |   327 |   518 |   875 |  3386 ||  5703
         Repelled          |       |       |       |       |       |       |       |     5 |     8 ||    13
  Block: Buckler           |       |       |       |       |   127 |   202 |   288 |   424 |   182 ||  1223
